 Dungeon Crawl Stone Soup version 0.17.0-15-g6d90897 (console) character file.

16 gw the Insei (level 2, -4/24 HPs)
             Began as a Demonspawn Monk on Nov 11, 2015.
             Slain by a gnoll
             ... wielding a +0 spear
              (8 damage)
             ... on level 2 of the Dungeon.
             The game lasted 00:00:37 (725 turns).

gw the Insei (Demonspawn Monk)                       Turns: 725, Time: 00:00:37

Health: -4/24      AC:  3    Str: 11    XL:     2   Next: 41%
Magic:  2/2        EV: 13    Int: 11    God:
Gold:   42         SH:  0    Dex: 15    Spells: 0 memorised, 1 level left

rFire  . . .     SeeInvis .       - Unarmed
rCold  . . .     Clarity  .     a - +0 robe
rNeg   . . .     SustAt   .     (no shield)
rPois  .         Gourm    .     (no helmet)
rElec  .         Spirit   .     (no cloak)
rCorr  .         Warding  .     (no gloves)
rMut   .         Stasis   .     (no boots)
MR     .....                    (no amulet)
Stlth  ++........               (no ring)
                                (no ring)

@: not resistant to hostile enchantments, unstealthy
A: molten scales 1
a: no special abilities


You were on level 2 of the Dungeon.
You were not hungry.

You visited 1 branch of the dungeon, and saw 2 of its levels.

You collected 42 gold pieces.

Inventory:

Missiles
 c - 20 stones (quivered)
Armour
 a - a +0 robe (worn)
Comestibles
 b - 2 bread rations


   Skills:
 + Level 3.1 Fighting
 + Level 0.5 Throwing
 + Level 0.6 Armour
 - Level 2.6 Dodging
 - Level 1.7 Stealth
 * Level 3.9 Unarmed Combat


You had one spell level left.
You didn't know any spells.

Dungeon Overview and Level Annotations

Branches:
Dungeon (2/15)

Altars:


Innate Abilities, Weirdness & Mutations

You are partially covered in molten scales (AC +1).


Message History

ATTACK MOVE TO (-1,1)
An adder comes into view.
The gnoll misses you. The gnoll hits you with a spear!
The gnoll barely misses you.
A kobold comes into view.
Unknown command.
Unknown command.
Unknown command.
Unknown command.
MOVING TO (1,-1)
The gnoll hits you but does no damage.
The gnoll hits you from afar with a spear.
There is a stone staircase leading up here.
Unknown command.
Unknown command.
Unknown command.
ATTACK MOVE TO (-1,0)
The hobgoblin closely misses you. The gnoll hits you with a halberd!
The gnoll hits you with a spear!
You die...

P. .. .# .. #.
######.###
#......#<#
......g6.#
..K...ggg#
.........<.
..?......S...
...............
.........#.....
.........[....#
.........####..


You could see 3 gnolls, an adder (wandering), a hobgoblin and a kobold.

Table legend:
 A = Turns spent in this place as a percentage of turns spent in the entire game.
 B = Non-inter-level travel turns spent in this place as a percentage of non-inter-level travel turns spent in the entire game.
 C = Inter-level travel turns spent in this place as a percentage of turns spent in this place.
 D = Turns resting spent in this place as a percentage of non-inter-level travel turns spent in this place.
 E = Turns spent auto-exploring this place as a percentage of non-inter-level travel turns spent in this place.
 F = Non-inter-level travel turns spent in this place divided by the number of levels of this place that you've seen.
                   A       B       C       D       E      F
               +-------+-------+-------+-------+-------+----------------------
         Total | 100.0 | 100.0 |   0.1 |   0.5 |   2.9 | 418.0
       Dungeon | 100.0 | 100.0 |   0.1 |   0.5 |   2.9 | 418.0
               +-------+-------+-------+-------+-------+----------------------

Table legend:
 A = Kills in this place as a percentage of kills in entire the game.
 B = Kills by you in this place as a percentage of kills by you in the entire game.
 C = Kills by friends in this place as a percentage of kills by friends in the entire game.
 D = Other kills in this place as a percentage of other kills in the entire game.
 E = Experience gained in this place as a percentage of experience gained in the entire game.
 F = Experience gained in this place divided by the number of levels of this place that you have seen.
                   A       B       C       D       E      F
               +-------+-------+-------+-------+-------+----------------------
         Total | 100.0 | 100.0 |  -nan |  -nan | 100.0 |  12.0
       Dungeon | 100.0 | 100.0 |  -nan |  -nan | 100.0 |  12.0
               +-------+-------+-------+-------+-------+----------------------

Vanquished Creatures
  An ooze (D:1)
  A giant gecko (D:1)
  A bat (D:1)
  2 goblins (D:1)
  2 hobgoblins (D:1)
  A ball python (D:1)
  A giant cockroach (D:1)
  A kobold (D:1)
  2 rats (D:1)
12 creatures vanquished.

Notes
Turn   | Place    | Note
--------------------------------------------------------------
     0 | D:1      | gw the Demonspawn Monk began the quest for the Orb.
     0 | D:1      | Reached XP level 1. HP: 18/18 MP: 1/1
   110 | D:1      | Gained mutation: You are partially covered in molten scales (AC +1). [demonic ancestry]
   110 | D:1      | Reached XP level 2. HP: 24/24 MP: 2/2
   725 | D:2      | Slain by a gnoll

Action                   || total
-------------------------++-------
Melee: Unarmed           ||    22
Throw: Stone             ||    46

Vault maps used:
D:1:      dpeg_arrival_lava_temple_mockup
D:2:      serial_forest, infiniplex_forest_corner_1, infiniplex_forest_end_1,
          infiniplex_forest_lined_room_2, infiniplex_forest_clump_curved,
          infiniplex_forest_clump_long, infiniplex_forest_end_double,
          st_stairs_3, nicolae_gozag_cash_rules_everything_around_me
